 Dungeon Crawl Stone Soup version 0.27-a0-1147-gb3d8e82157 (webtiles) character file.

Game seed: 12434405294286141465

126 st0uf the Digger (level 5, -3/28 HPs)
             Began as a Gargoyle Earth Elementalist on May 11, 2021.
             Killed from afar by an orc wizard (9 damage)
             ... with a puff of flame
             ... on level 2 of the Dungeon.
             The game lasted 00:08:48 (2097 turns).

st0uf the Digger (Gargoyle Earth Elementalist)      Turns: 2097, Time: 00:08:49

Health: -3/28      AC:  6    Str: 11    XL:     5   Next: 10%
Magic:  4/9        EV: 12    Int: 17    God:
Gold:   80         SH:  0    Dex: 10    Spells: 8/9 levels left

rFire    . . .     SeeInvis .   i - +1 dagger (protect)
rCold    . . .     Faith    .   (no shield)
rNeg     + . .     Spirit   .   c - +0 robe
rPois    ∞         Reflect  .   (no helmet)
rElec    +         Harm     .   (no cloak)
rCorr    .         Rampage  .   (no gloves)
Will     .....                  (no boots)
Stlth    ++........             (no amulet)
HPRegen  0.09/turn              (no ring)
MPRegen  0.11/turn              (no ring)

@: no status effects
A: sickness immunity, AC +4, negative energy resistance 1, electricity
resistance, torment resistance 1, petrification resistance
a: no special abilities


You were on level 2 of the Dungeon.
You visited 1 branch of the dungeon, and saw 2 of its levels.

You collected 80 gold pieces.

Inventory:

Hand Weapons
 e - a +2 dagger of flaming
 i - a +1 dagger of protection (weapon)
Missiles
 b - 54 stones
 g - a throwing net
Armour
 c - a +0 robe (worn)
Magical Staves
 j - a staff of conjuration
 k - a staff of poison
Jewellery
 o - an amulet of magic regeneration
Scrolls
 a - 2 scrolls of magic mapping {unknown}
 d - 2 scrolls of amnesia {unknown}
 m - a scroll of identify {unknown}
 q - a scroll of enchant weapon {unknown}
 r - a scroll of blinking {unknown}
Potions
 f - a potion of flight {unknown}
 h - a potion of degeneration {unknown}
 l - a potion of attraction {unknown}
 n - a potion of curing {unknown}
 p - a potion of berserk rage {unknown}


   Skills:
 + Level 1.0 Staves
 + Level 2.1 Dodging
 + Level 3.1 Stealth
 + Level 2.6 Spellcasting
 + Level 1.5 Transmutations
 + Level 4.3 Earth Magic
 + Level 1.0 Evocations


You had 8 spell levels left.
You knew the following spells:

 Your Spells              Type           Power      Damage    Failure   Level
a - Sandblast             Erth           32%        2d9       3%          1

Your spell library contained the following spells:

 Spells                   Type           Power      Damage    Failure   Level
 Passwall                 Tmut/Erth      10%        N/A       9%          2
 Animate Skeleton         Necr           4%         N/A       19%         1
 Apportation              Tloc           4%         N/A       19%         1
 Corona                   Hex            2%         N/A       19%         1
 Summon Small Mammal      Summ           8%         N/A       19%         1
 Stone Arrow              Conj/Erth      18%        3d8       22%         3
 Petrify                  Tmut/Erth      12%        N/A       47%         4
 Lee's Rapid Deconstruct  Erth           8%         3d8*      65%         5


Dungeon Overview and Level Annotations

Branches:
Dungeon (2/15)

Altars:

Shops:
D:2 [


Innate Abilities, Weirdness & Mutations

You are immune to sickness and miasma.
Your stone body is resilient. (AC +4)
You are immune to poison.
You resist negative energy. (rN+)
You are resistant to electric shocks. (rElec)
You are resistant to unholy torment.
You are immune to petrification.


Message History

Press: ? - help, Shift-Dir - straight line, f/p - orc wizard
Aim: an orc wizard, wielding a +0 dagger and wearing a +0 robe (heavily wounded, 74% to hit)
The blast of sand misses the orc wizard.
The orc wizard hits you but does no damage.
Casting: Sandblast (safe; 3% risk of failure)
Confirm with . or Enter, or press ? or * to list all spells.
Aiming: Sandblast (safe; 3% risk of failure)
Press: ? - help, Shift-Dir - straight line, f/p - orc wizard
Aim: an orc wizard, wielding a +0 dagger and wearing a +0 robe (heavily wounded, 74% to hit)
The blast of sand misses the orc wizard.
The orc wizard gestures at you while chanting.
The puff of flame hits you!
Casting: Sandblast (safe; 3% risk of failure)
Confirm with . or Enter, or press ? or * to list all spells.
Aiming: Sandblast (safe; 3% risk of failure)
Press: ? - help, Shift-Dir - straight line, f/p - orc wizard
Aim: an orc wizard, wielding a +0 dagger and wearing a +0 robe (heavily wounded, 74% to hit)
The blast of sand hits the orc wizard.
The orc wizard is severely wounded.
The orc wizard hits you with a +0 dagger.
You hit the orc wizard.
Your weapon exudes an aura of protection.
The orc wizard is severely wounded.
The orc wizard misses you.
You hit the orc wizard but do no damage.
The orc wizard is severely wounded.
The orc wizard gestures at itself while chanting.
The orc wizard flickers and vanishes!
Deactivating autopickup; reactivate with Ctrl-A.
A magic dart appears from out of thin air!
The magic dart hits you but does no damage.
You see here a +0 hand axe.
Things that are here:
a +1 dagger of speed; an orc corpse A magic dart appears from out of thin air!
The magic dart hits you!
* * * LOW HITPOINT WARNING * * *
A puff of flame appears from out of thin air!
The puff of flame hits you!
You die...

#.# #.# #...# #.##.#
#... #.#####.# #.#.#
#.##.# #### #.......#
#.#.# #.##.#
#.#########.#.# #.##.#
#.# #.....# #.##.# #(#
####.....###.##.# #.#
#.....†......##.#
#.####.##..<..######.#
#....{....@...# #.#
#.###########)# #.#
#.# #.# ####.#
#.###########.###..>.#
#.......).........####
#########.#.#.###.#
#### #.........# #.#
#... #.###.#.#.# #.#
#.## #........## #.#
#.#


There were no monsters in sight!

Vanquished Creatures
  An orc wizard (D:1)
  Natasha (twice) (D:2)
  An adder (D:2)
  A worm (D:2)
  A dart slug (D:2)
  3 orcs
  2 endoplasms (D:2)
  2 giant cockroaches (D:1)
  2 goblins (D:1)
  5 hobgoblins
  3 jackals (D:1)
  A kobold (D:1)
  A quokka (D:2)
  A ball python (D:1)
  2 bats
  2 frilled lizards
  3 rats
33 creatures vanquished.

Notes
Turn   | Place    | Note
-------+----------+-------------------------------------------
     0 | D:1      | st0uf the Gargoyle Earth Elementalist began the quest for
                  | the Orb.
     0 | D:1      | Reached XP level 1. HP: 10/10 MP: 3/3
    93 | D:1      | Found a faded altar of an unknown god.
   234 | D:1      | Reached skill level 1 in Transmutations
   234 | D:1      | Reached XP level 2. HP: 15/15 MP: 3/5
  1142 | D:2      | Reached XP level 3. HP: 19/19 MP: 6/6
  1160 | D:2      | Found Jihoro's Armour Emporium.
  1171 | D:2      | Reached skill level 4 in Earth Magic
  1432 | D:2      | Noticed Natasha
  1437 | D:2      | Killed Natasha
  1438 | D:2      | Reached XP level 4. HP: 24/24 MP: 4/7
  1959 | D:2      | Noticed Natasha
  2054 | D:2      | Killed Natasha
  2055 | D:2      | Reached skill level 1 in Staves
  2055 | D:2      | Reached skill level 1 in Evocations
  2055 | D:2      | Reached XP level 5. HP: 20/28 MP: 4/8
  2097 | D:2      | Killed from afar by an orc wizard

Illustrated notes

Levels and vault maps discovered:
D:1:      sevenhm_arrival_forest_fort_small_4, layout_basic,
          basic_ecumenical_altar, fountainhead, kennysheep_pointless_box,
          grunt_decor_resistance, chequers_serial_rivers_room_b,
          minmay_pentomino_z4
D:2:      layout_loops_ring, serial_shops, shop, uniq_natasha

Skill      XL: |  1  2  3  4 |
---------------+-------------+-----
Transmutations | 1 |  1.5
Earth Magic    | 4 |  4.3
Dodging        | 2 |  2.1
Stealth        | 3 |  3.1
Staves         | 1 |  1.0
Evocations     | 1 |  1.0
Spellcasting   | |  2.6

Action                   |  1- 3 |  4- 6 || total
-------------------------+-------+-------++-------
Melee: Dagger            |    12 |    31 ||    43
       Staff             |    25 |       ||    25
 Cast: Sandblast         |    29 |    18 ||    47
 Stab: Sleeping          |     2 |     1 ||     3
Armor: Robe              |    16 |     8 ||    24
Dodge: Dodged            |    35 |    26 ||    61

Table legend: (Time is in decaauts)
 A = Elapsed time spent in this place.
 B = Non-inter-level travel time spent in this place.
 C = Inter-level travel time spent in this place.
 D = Time resting spent in this place.
 E = Time spent auto-exploring this place.
 F = Levels seen in this place.
 G = Mean time per level.
                   A        B        C        D        E       F      G
               +--------+--------+--------+--------+--------+-----+--------+
         Total |   2107 |   2078 |     29 |    116 |   1580 |   2 | 1053.5 |
       Dungeon |   2107 |   2078 |     29 |    116 |   1580 |   2 | 1053.5 |
               +--------+--------+--------+--------+--------+-----+--------+

Top non-repeatable levels by time:
     D:1: 1142 daAuts
     D:2: 964 daAuts
